 Dungeon Sprint DCSS version 0.24.0-123-gd5b16e6ec5 (webtiles) character file.

Game seed: 13077926810572429762, levelgen mode: deterministic

2509 McKennaii the Carver (level 9, 0/75 HPs)
             Began as a Demonspawn Fighter on Dec 25, 2019.
             Was a High Priest of Makhleb.
             Slain by a komodo dragon (22 damage)
             ... in the Dungeon (Sprint IX: "|||||||||||||||||||||||||||||").
             The game lasted 00:03:27 (753 turns).

McKennaii the Carver (Demonspawn Fighter)            Turns: 753, Time: 00:03:27

Health: 0/75       AC: 16    Str: 21    XL:     9   Next: 28%
Magic:  13/13      EV:  6    Int:  9    God:    Makhleb [*****.]
Gold:   0          SH: 11    Dex: 15    Spells: 8/8 levels left

rFire    + + .     SeeInvis .   p - +2 scimitar (pain)
rCold    . . .     Gourm    .   c - +0 shield
rNeg     . . .     Faith    .   r - +0 plate armour {rF+}
rPois    .         Spirit   .   (helmet restricted)
rElec    .         Reflect  .   q - +0 cloak
rCorr    .         Harm     .   (no gloves)
MR       .....     NoTele   +   (no boots)
Stlth    ..........             (no amulet)
HPRegen  1.22/turn              s - +3 ring of strength
MPRegen  0.13/turn              t - +2 ring of protection

@: no status effects
A: antennae 1, fire resistance 1, powered by death 3
a: Minor Destruction, Lesser Servant of Makhleb, Major Destruction, Greater
Servant of Makhleb, Renounce Religion


You were in the Dungeon.
You worshipped Makhleb.
Makhleb was extremely pleased with you.
You were not hungry.

You visited 1 branch

Inventory:

Hand Weapons
 p - a +2 scimitar of pain (weapon)
Armour
 c - a +0 shield (worn)
 q - a +0 cloak (worn)
 r - a +0 plate armour of fire resistance (worn)
Jewellery
 s - a +3 ring of strength (left hand)
 t - a +2 ring of protection (right hand)
Wands
 o - a wand of acid (10)
Scrolls
 k - 3 scrolls of blinking
 m - 3 scrolls of remove curse
 n - 2 scrolls of amnesia
 v - 3 scrolls of enchant armour
 w - 2 scrolls of fog
 x - a scroll of fear
Potions
 b - a potion of brilliance
 d - a potion of might
 e - 4 potions of curing
 g - a potion of invisibility
 h - 2 potions of haste
 i - 4 potions of magic
 j - 2 potions of berserk rage
 l - 3 potions of heal wounds
Comestibles
 a - 3 chunks of flesh
 f - a ration


   Skills:
 + Level 8.4 Fighting
 * Level 13.6 Long Blades
 + Level 8.0 Armour
 + Level 2.4 Dodging
 + Level 0.7 Stealth
 + Level 8.5 Shields
 * Level 5.6 Invocations


You had 8 spell levels left.
You didn't know any spells.
Your spell library was empty.

Dungeon Overview and Level Annotations

Branches:
Dungeon (1/1)

Altars:
Cheibriados
Dithmenos
Elyvilon
Fedhas
Gozag
Hepliaklqana
Kikubaaqudgha
Makhleb
Nemelex Xobeh
Okawaru
Qazlal
Ru
Sif Muna
Trog
Uskayaw
Vehumet
Wu Jian
Xom
Yredelemnul
Zin
The Shining One
Beogh
Jiyva
Lugonu


Innate Abilities, Weirdness & Mutations

You have a pair of small antennae on your head.
Your flesh is heat resistant. (rF+)
You regenerate a lot of health from kills.


Message History

The komodo dragon is lightly wounded.
The blink frog hits you. The komodo dragon bites you!!
You hit the komodo dragon.
The komodo dragon is moderately wounded.
A bullfrog comes into view.
You block the blink frog's attack.
You completely miss the blink frog.
The bullfrog gives a loud, deep croak!
The komodo dragon bites you! The blink frog barely misses you.
Your plate armour prevents you from hitting the blink frog.
A komodo dragon comes into view.
The komodo dragon bites you! The blink frog hits you!
* * * LOW HITPOINT WARNING * * *
The blink frog blinks!
You slash the blink frog!
The blink frog is moderately wounded.
The blink frog hits you.
* * * LOW HITPOINT WARNING * * *
The komodo dragon bites you!!
You die...

▓▓▓▓▓▓▓▓▓▓▓▓▓▓▓▓▓▓▓▓▓▓▓▓▓▓▓▓▓▓▓▓▓
.)|..'________________________'..
▓▓▓▓▓▓▓▓▓▓▓▓▓▓▓▓▓▓▓▓▓▓▓▓▓▓▓▓▓▓▓▓▓
.................................
▓▓▓▓▓▓▓▓▓▓▓▓▓▓▓▓▓▓▓▓▓▓▓▓▓▓▓▓▓▓▓▓▓


{{{{{ {{ lFrFtSl@F......÷†)....([ ▓▓▓▓▓▓▓▓▓▓▓▓▓▓▓▓▓▓▓▓▓▓▓▓ {{{{{ { You could see
2 komodo dragons, a black mamba, a blink frog, a crocodile, 2 bullfrogs and a
hell rat.

Vanquished Creatures
  A black mamba (D)
  2 spiny frogs (D)
  A polar bear (shapeshifter) (D)
  A slime creature (D)
  A yak (D)
  A basilisk (D)
  A water moccasin (D)
  A black bear (D)
  An orc warrior (D)
  A centaur (D)
  A wolf (D)
  A crocodile (D)
  4 bullfrogs (D)
  A scorpion (D)
  A howler monkey (D)
  A crimson imp (D)
  An iguana (D)
  2 worker ants (D)
  An adder (D)
  A shadow imp (D)
  A worm (D)
  2 leopard geckos (D)
  A bat (D)
  A goblin (D)
  A kobold (D)
  A rat (D)
32 creatures vanquished.

Notes
Turn   | Place    | Note
-------+----------+-------------------------------------------
     0 | D        | McKennaii the Demonspawn Fighter began the quest for the
                  | Orb.
     0 | D        | Reached XP level 1. HP: 18/18 MP: 1/1
     7 | D        | Reached skill level 2 in Long Blades
    32 | D        | Noticed a worker ant
    32 | D        | Noticed a crimson imp
    32 | D        | Noticed a scorpion
    37 | D        | Gained mutation: You have a pair of small antennae on your
                  | head. [demonic ancestry]
    37 | D        | Reached XP level 2. HP: 25/25 MP: 2/2
    52 | D        | Reached skill level 3 in Long Blades
    55 | D        | HP: 1/25 [scorpion (6)]
    60 | D        | Killed a scorpion
    60 | D        | Reached skill level 4 in Long Blades
    60 | D        | Gained mutation: You regenerate a little health from kills.
                  | [demonic ancestry]
    60 | D        | Reached XP level 3. HP: 31/31 MP: 3/3
    60 | D        | Gained mutation: You regenerate health from kills. [demonic
                  | ancestry]
    60 | D        | Reached XP level 4. HP: 38/38 MP: 4/4
    69 | D        | Reached skill level 5 in Long Blades
   178 | D        | Reached skill level 6 in Long Blades
   178 | D        | Reached skill level 1 in Dodging
   307 | D        | Found a roughly hewn altar of Beogh.
   307 | D        | Found a snail-covered altar of Cheibriados.
   307 | D        | Found a shadowy altar of Dithmenos.
   307 | D        | Found a white marble altar of Elyvilon.
   307 | D        | Found a blossoming altar of Fedhas.
   307 | D        | Found an opulent altar of Gozag.
   308 | D        | Found a hazy altar of Hepliaklqana.
   309 | D        | Found a viscous altar of Jiyva.
   310 | D        | Found an ancient bone altar of Kikubaaqudgha.
   311 | D        | Found a corrupted altar of Lugonu.
   312 | D        | Found a burning altar of Makhleb.
   313 | D        | Found a sparkling altar of Nemelex Xobeh.
   314 | D        | Found an iron altar of Okawaru.
   315 | D        | Found a stormy altar of Qazlal.
   316 | D        | Found a sacrificial altar of Ru.
   317 | D        | Found a shimmering blue altar of Sif Muna.
   318 | D        | Found a bloodstained altar of Trog.
   319 | D        | Found a hide-covered altar of Uskayaw.
   320 | D        | Became a worshipper of Makhleb the Destroyer
   321 | D        | Found a radiant altar of Vehumet.
   322 | D        | Found an ornate altar of the Wu Jian Council.
   323 | D        | Found a shimmering altar of Xom.
   324 | D        | Found a basalt altar of Yredelemnul.
   325 | D        | Found a glowing silver altar of Zin.
   326 | D        | Found a glowing golden altar of the Shining One.
   370 | D        | Noticed a centaur
   370 | D        | Noticed a bullfrog
   370 | D        | Noticed a black bear
   379 | D        | Reached skill level 5 in Fighting
   379 | D        | Reached skill level 5 in Shields
   379 | D        | Reached XP level 5. HP: 44/44 MP: 5/5
   385 | D        | Killed a black bear
   385 | D        | Reached * piety under Makhleb
   385 | D        | Reached skill level 8 in Long Blades
   400 | D        | Gained mutation: You regenerate a lot of health from kills.
                  | [demonic ancestry]
   400 | D        | Reached XP level 6. HP: 51/51 MP: 6/6
   405 | D        | Reached ** piety under Makhleb
   405 | D        | Reached skill level 9 in Long Blades
   405 | D        | Reached skill level 5 in Armour
   417 | D        | Noticed a slime creature
   417 | D        | Noticed an orc warrior
   417 | D        | Noticed a polar bear
   434 | D        | Killed a polar bear
   434 | D        | Reached skill level 10 in Long Blades
   434 | D        | Reached XP level 7. HP: 13/58 MP: 7/7
   456 | D        | Killed a slime creature
   456 | D        | Reached skill level 11 in Long Blades
   471 | D        | Reached *** piety under Makhleb
   668 | D        | Noticed a basilisk
   668 | D        | Noticed a yak
   668 | D        | Noticed a spiny frog
   669 | D        | Noticed a black mamba
   677 | D        | Killed a spiny frog
   677 | D        | Reached skill level 12 in Long Blades
   677 | D        | Reached XP level 8. HP: 33/67 MP: 8/8
   683 | D        | Reached **** piety under Makhleb
   683 | D        | Reached skill level 1 in Invocations
   690 | D        | Noticed a spiny frog
   712 | D        | Killed a black mamba
   712 | D        | Reached skill level 13 in Long Blades
   712 | D        | Gained mutation: Your flesh is heat resistant. (rF+)
                  | [demonic ancestry]
   712 | D        | Reached XP level 9. HP: 46/74 MP: 9/12
   717 | D        | Reached ***** piety under Makhleb
   720 | D        | Killed a spiny frog
   720 | D        | Reached skill level 5 in Invocations
   739 | D        | Noticed a black mamba
   739 | D        | Noticed a komodo dragon
   752 | D        | Noticed a komodo dragon
   753 | D        | Slain by a komodo dragon

Levels and vault maps discovered:
D:        linesprint [early_d, line_temple, items_1, d_10, items_2, lair_1,
          lair_end, items_3, orc_1, orc_end, items_4, d_15, swamp_1, shoals_1,
          snake_1, spider_1, d_20, vaults_1, items_5, swamp_end, shoals_end,
          snake_end, spider_end, vaults_end, d_27, items_6, zot_1, zot_end,
          crypt_end, forest_end, elf_end, slime_end, tomb_end, abyss_end,
          pan_hell_end]

Skill      XL: |  1  2  3  4  5  6  7  8  9 |
---------------+----------------------------+-----
Long Blades    | 2 4 6 8 10 12 13 | 13.6
Shields        | 3 4 5 6 7 8 |  8.5
Armour         | 3 4 5 7 8 |  8.0
Fighting       | 4 5 6 7 8 |  8.4
Dodging        | 1 2 |  2.4
Invocations    | 4 5 |  5.6
Stealth        | |  0.7

Action                   |  1- 3 |  4- 6 |  7- 9 || total
-------------------------+-------+-------+-------++-------
Melee: Long sword        |    41 |   139 |    53 ||   233
       Scimitar          |       |       |    62 ||    62
  Use: Potion            |     1 |       |     2 ||     3
Armor: Scale mail        |    19 |    32 |       ||    51
       Plate armour      |       |    42 |    31 ||    73
Dodge: Dodged            |    11 |    28 |    10 ||    49
Block: Shield            |    18 |    68 |    37 ||   123
       Rpst.: Long sword |     4 |     6 |     1 ||    11
       Scimitar          |       |       |     1 ||     1
